 Dungeon Crawl Stone Soup version 0.20-a0-1127-g1289703 (webtiles) character file.

707 HAL9000 the Carver (level 7, -2/41 HPs)
             Began as a Gargoyle Berserker on May 18, 2017.
             Was a Priest of Trog.
             Slain by a shadow (3 damage)
             ... summoned by a worldbinder
             ... on level 1 of the Abyss.
             The game lasted 00:06:57 (3069 turns).

HAL9000 the Carver (Gargoyle Berserker)             Turns: 3069, Time: 00:06:58

Health: -2/41      AC: 20    Str: 22    XL:     7   Next: 67%
Magic:  7/7        EV:  6    Int:  8    God:    Trog [***...]
Gold:   148        SH:  0    Dex:  9    Spells: 6/6 levels left

rFire    . . .     SeeInvis .   a - +0 falchion
rCold    . . .     Gourm    .   (no shield)
rNeg     + . .     Faith    +   l - +1 plate armour
rPois    ∞         Spirit   .   (no helmet)
rElec    +         Reflect  .   u - +2 cloak {+Inv}
rCorr    .         Harm     .   (no gloves)
MR       ++...                  g - +0 pair of boots
Stlth    ..........             s - amulet of faith
Regen    1.2/turn               (no ring)
MPRegen  0.1/turn               (no ring)

@: starving, regenerating, slowed, very slow
A: negative energy resistance 1, electricity resistance, unbreathing,
petrification resistance, rot immunity, AC +4
a: Berserk, Trog's Hand, Burn Spellbooks, Renounce Religion, Evoke Invisibility


You were on level 1 of the Abyss.
You worshipped Trog.
Trog was most pleased with you.
You were starving.

You visited 1 branch of the dungeon, and saw 3 of its levels.
You visited the Abyss 1 time.

You collected 148 gold pieces.

Inventory:

Hand Weapons
 a - a +0 falchion (weapon)
Missiles
 x - 3 poisoned tomahawks (quivered)
Armour
 g - a +0 pair of boots (worn)
 l - a +1 plate armour (worn)
 u - a +2 cloak of invisibility (worn)
Jewellery
 s - an amulet of faith (around neck)
Wands
 p - a wand of paralysis (9/24)
Scrolls
 d - 4 scrolls of identify
 e - a scroll of remove curse
 h - a scroll of fear
Potions
 j - a potion of invisibility {unknown}
 n - a potion of heal wounds {unknown}
 q - a potion of haste
 w - 3 potions of mutation {unknown}
Comestibles
 c - 2 bread rations
 k - 2 royal jellies
 r - 5 fruits
 A - a meat ration


   Skills:
 - Level 3.2 Fighting
 + Level 8.0 Long Blades
 - Level 2.1 Armour
 - Level 1.5 Dodging


You had 6 spell levels left.
You didn't know any spells.

Dungeon Overview and Level Annotations

Branches:
Dungeon (3/15)

Altars:
Okawaru


Innate Abilities, Weirdness & Mutations

You are resistant to torment.
Your stone body is resilient. (AC +4)
You are immune to poison.
You resist negative energy. (rN+)
You are resistant to electric shocks. (rElec)
You can survive without breathing.
You are immune to petrification.
You are immune to rotting.


Message History

The worldbinder closely misses you.
The worldbinder hits you but does no damage.
The shadow barely misses you.
The worldbinder calls forth creatures from the Crypt!
The big kobold hits you but does no damage.
The worldbinder hits you.
* * * LOW HITPOINT WARNING * * *
The worldbinder hits you but does no damage.
The shadow hits you.
* * * LOW HITPOINT WARNING * * *
Unknown command.
Your skin crawls.
You feel resistant to hostile enchantments.
You are starving!
The big kobold hits you but does no damage.
The worldbinder hits you but does no damage.
The worldbinder hits you.
* * * LOW HITPOINT WARNING * * *
The shadow hits you.
You die...

. ##.. #.
.. ..# #
K # # . #
#..#### .
. K
.#..#.
#K## #.
#. #. §.#
# ...
K#K###...
# #
###KW# #
# #WxK#.
#...x .
##@##. .
#... #W#
.. #.. .
### # .
## #


You could see a worldbinder, 2 wraiths, 3 big kobolds and a shadow.

Vanquished Creatures
  Grinder (D:3)
  Sigmund (D:3)
  2 big kobolds (Abyss:1)
  Crazy Yiuf (D:2)
  Terence (D:3)
  Robin (D:3)
  7 adders
  An ooze (D:2)
  3 worms (D:2)
  A dart slug (D:1)
  4 leopard geckos
  2 orcs (D:3)
  2 giant cockroaches (D:1)
  15 goblins
  11 hobgoblins
  8 jackals
  A ball python (D:2)
  10 bats
  4 frilled lizards
  6 kobolds
  9 rats
91 creatures vanquished.

Notes
Turn   | Place    | Note
-------+----------+-------------------------------------------
     0 | D:1      | HAL9000 the Gargoyle Berserker began the quest for the Orb.
     0 | D:1      | Reached XP level 1. HP: 14/14 MP: 1/1
   160 | D:1      | Reached skill level 3 in Long Blades
   196 | D:1      | Reached XP level 2. HP: 14/19 MP: 2/2
   421 | D:1      | Reached XP level 3. HP: 23/23 MP: 3/3
   486 | D:1      | Reached ** piety under Trog
   588 | D:1      | Reached skill level 4 in Long Blades
   923 | D:2      | Reached XP level 4. HP: 27/28 MP: 4/4
  1228 | D:2      | Found an iron altar of Okawaru.
  1563 | D:2      | Found a runed door.
  1649 | D:2      | Noticed Crazy Yiuf
  1655 | D:2      | Killed Crazy Yiuf
  1655 | D:2      | Reached skill level 5 in Long Blades
  1655 | D:2      | Reached XP level 5. HP: 32/32 MP: 5/5
  2259 | D:3      | Noticed Sigmund
  2267 | D:3      | Killed Sigmund
  2267 | D:3      | Reached skill level 6 in Long Blades
  2267 | D:3      | Reached XP level 6. HP: 37/37 MP: 6/6
  2293 | D:3      | Reached *** piety under Trog
  2522 | D:3      | Noticed Grinder
  2536 | D:3      | Killed Grinder
  2536 | D:3      | Reached skill level 7 in Long Blades
  2536 | D:3      | Reached XP level 7. HP: 41/41 MP: 7/7
  2616 | D:3      | Noticed Terence
  2636 | D:3      | Killed Terence
  2894 | D:3      | Noticed Robin
  2910 | D:3      | Killed Robin
  2997 | D:3      | Cast into level 1 of the Abyss (kobold)
  3008 | Abyss:1  | Found a corrupted altar of Lugonu.
  3027 | Abyss:1  | Noticed a worldbinder
  3034 | Abyss:1  | Noticed a shadow
  3039 | Abyss:1  | Noticed a wraith
  3055 | Abyss:1  | Noticed a wraith
  3057 | Abyss:1  | Reached skill level 8 in Long Blades
  3061 | Abyss:1  | Noticed a wraith
  3065 | Abyss:1  | Noticed a wraith
  3065 | Abyss:1  | Noticed a shadow
  3069 | Abyss:1  | Noticed a wraith
  3069 | Abyss:1  | HP: 1/41 [worldbinder (4)]
  3069 | Abyss:1  | Slain by a shadow

Vault maps used:
D:1:      dpeg_arrival_rooms_c
D:2:      okawaru_metal_pillars_1_2, kennysheep_small_spiral,
          minmay_misc_feat_rugged, uniq_crazy_yiuf_cottage
D:3:      uniq_robin, uniq_sigmund, uniq_grinder, uniq_terence
Abyss:1:  due_exit_kobolds

Skill      XL: |  1  2  3  4  5  6  7 |
---------------+----------------------+-----
Long Blades    | 3 4 5 6 7 8 |  8.0
Fighting       | |  3.2
Armour         | |  2.1
Dodging        | |  1.5

Action                   |  1- 3 |  4- 6 |  7- 9 || total
-------------------------+-------+-------+-------++-------
Melee: Falchion          |   115 |   120 |   134 ||   369
Invok: Berserk           |       |     3 |     2 ||     5
       Trog's Hand       |       |       |     1 ||     1
Evoke: Wand              |       |     1 |       ||     1
  Use: Scroll            |       |       |     6 ||     6
  Eat: Chunk             |       |     7 |     3 ||    10
Armor: Animal skin       |    25 |       |       ||    25
       Plate armour      |    53 |   104 |   152 ||   309
Dodge: Dodged            |    60 |    49 |    65 ||   174
       Rpst.: Falchion   |    26 |    12 |    20 ||    58
